 Dungeon Sprint DCSS version 0.28.0-49-g6dfe1f597d (webtiles) character file.

Game seed: 14052702200753885426

4151 Groucho the Unseen (level 10, -4/51 HPs)
             Began as a Spriggan Enchanter on May 16, 2022.
             Was a High Priest of Wu Jian.
             Slain by a shadow wraith (21 damage)
             ... in the Dungeon (Sprint VII: "The Pits").
             The game lasted 00:07:18 (1780 turns).

Groucho the Unseen (Spriggan Enchanter)             Turns: 1780, Time: 00:07:18

Health: -4/51      AC:  2    Str:  8    XL:     10   Next: 7%
Magic:  25/25      EV: 26    Int: 16    God:    Wu Jian [*****.]
Gold:   0          SH:  0    Dex: 17    Spells: 19/30 levels left

rFire   . . .      SeeInvis +   a - +2 dagger
rCold   . . .      Faith    .   (no shield)
rNeg    . . .      Spirit   .   b - +0 robe
rPois   .          Reflect  .   (helmet restricted)
rElec   .          Harm     .   (no cloak)
rCorr   .          Rampage  .   (gloves unavailable)
Will    +....      NoTele   +   (boots unavailable)
Stlth   +++++++...              (no amulet)
HPRegen 0.17/turn               (no ring)
MPRegen 0.19/turn               (no ring)

@: slowed, quick
A: very small, no large weapons, unfitting armour, see invisible, speed 3
a: Renounce Religion, Wall Jump, Serpent's Lash, Heavenly Storm


You were in the Dungeon.
You worshipped Wu Jian.
Wu Jian was extremely pleased with you.
You visited 1 branch

Inventory:

Hand Weapons
 a - a +2 dagger (weapon)
Missiles
 l - 10 stones (quivered)
Armour
 b - a +0 robe (worn)
Jewellery
 m - a +3 ring of protection
 n - a +3 ring of dexterity
Scrolls
 i - a scroll of blinking
 j - 5 scrolls of amnesia
 k - a scroll of summoning
Potions
 c - 3 potions of invisibility
 d - 7 potions of curing
 e - 8 potions of heal wounds
 f - 4 potions of haste
 g - 4 potions of magic
 h - 4 potions of berserk rage
 o - a potion of brilliance


   Skills:
 + Level 5.4 Fighting
 * Level 10.4 Short Blades
 * Level 12.6 Dodging
 * Level 18.9 Stealth
 + Level 10.8 Spellcasting
 * Level 13.5 Hexes


You had 19 spell levels left.
You knew the following spells:

 Your Spells              Type           Power      Damage    Failure   Level
a - Confusing Touch       Hex            51%        N/A       1%          3
b - Ensorcelled Hibernat  Hex/Ice        60%        N/A       1%          2
c - Dazzling Flash        Conj/Hex       60%        N/A       1%          3
d - Tukima's Dance        Hex            51%        N/A       1%          3

Your spell library contained the following spells:

 Spells                   Type           Power      Damage    Failure   Level


Dungeon Overview and Level Annotations

Branches:
Dungeon (1/1)

Altars:
Ashenzari
Cheibriados
Dithmenos
Elyvilon
Fedhas
Gozag
Hepliaklqana
Kikubaaqudgha
Makhleb
Nemelex Xobeh
Okawaru
Qazlal
Ru
Sif Muna
Trog
Uskayaw
Vehumet
Wu Jian
Xom
Yredelemnul
Zin
The Shining One
Beogh
Jiyva
Lugonu


Innate Abilities, Weirdness & Mutations

You are very small and have problems with some larger weapons.
You are too small for most types of armour.
You have supernaturally acute eyesight. (SInv)
You cover ground extremely quickly. (Speed+++)


Message History

The shadow wraith misses you.
You hit the shadow wraith.
The shadow wraith is moderately damaged.
You hit the shadow wraith.
The shadow wraith is heavily damaged.
The shadow wraith closely misses you.
You hit the shadow wraith but do no damage.
You punch the shadow wraith, but do no damage.
The shadow wraith is heavily damaged.
The heavenly storm settles.
You barely miss the shadow wraith.
The shadow wraith is heavily damaged.
The shadow wraith misses you.
You closely miss the shadow wraith.
The shadow wraith is heavily damaged.
You hit the shadow wraith.
The shadow wraith is heavily damaged.
The shadow wraith misses you.
You hit the shadow wraith but do no damage.
The shadow wraith is heavily damaged.
You hit the shadow wraith.
The shadow wraith is heavily damaged.
The shadow wraith misses you.
You hit the shadow wraith but do no damage.
The shadow wraith is heavily damaged.
You barely miss the shadow wraith.
The shadow wraith is heavily damaged.
The shadow wraith hits you! The shadow wraith drains your vigour!
You feel yourself slow down.
You hit the shadow wraith but do no damage.
The shadow wraith is heavily damaged.
You hit the shadow wraith but do no damage.
The shadow wraith is heavily damaged.
The shadow wraith hits you!! The shadow wraith drains your vigour!
You feel as though you will be slow longer.
You barely miss the shadow wraith.
You punch the shadow wraith, but do no damage.
The shadow wraith is heavily damaged.
The shadow wraith hits you!!
You die...

))).##......#..#......#
###.##................+
...).).)..............+
)#####......#..#......#
.#[[##................#
.#))#####'#####''######
##))##.......##○○#####
.#))##.......##○○○○..#
.#..##.......##○@°°###
##'###...<...##°W°##.+
....##.......##°○##..#
....##.......##..#..#
######.......##..#..#
.#).###########..'..+
.#.############..#..#
.#.#....#..[[##..#..#
.#'#.†..#..[[##..##.)#


You could see a shadow wraith (invisible).

Vanquished Creatures
  A shadow wraith (D)
  A flayed ghost (D)
  A deep troll (D)
  A lindwurm (D)
  A deep elf zephyrmancer (D)
  A kobold demonologist (D)
  A freezing wraith (D)
  2 fire bats (D)
  A warg (D)
  A water moccasin (D)
  4 floating eyes (D)
  An ice beast (D)
  2 kobold brigands (D)
  A scorpion (D)
  A gnoll shaman (D)
  An iguana (D)
  3 gnolls (D)
  A white imp (D)
  2 orcs (D)
  2 giant cockroaches (D)
  A goblin (D)
  A hobgoblin (D)
  A frilled lizard (D)
32 creatures vanquished.

Notes
Turn   | Place    | Note
-------+----------+-------------------------------------------
     0 | D        | Groucho the Spriggan Enchanter began the quest for the Orb.
     0 | D        | Reached XP level 1. HP: 9/9 MP: 5/5
    38 | D        | Found a bloodstained altar of Trog.
    38 | D        | Found a shimmering blue altar of Sif Muna.
    38 | D        | Found a viscous altar of Jiyva.
    38 | D        | Found a hazy altar of Hepliaklqana.
    38 | D        | Found an opulent altar of Gozag.
    39 | D        | Found a glowing golden altar of the Shining One.
    39 | D        | Found a glowing silver altar of Zin.
    39 | D        | Found a basalt altar of Yredelemnul.
    39 | D        | Found a shimmering altar of Xom.
    39 | D        | Found an ornate altar of the Wu Jian Council.
    39 | D        | Found a sacrificial altar of Ru.
    39 | D        | Found a stormy altar of Qazlal.
    39 | D        | Found an iron altar of Okawaru.
    39 | D        | Found a sparkling altar of Nemelex Xobeh.
    39 | D        | Found a burning altar of Makhleb.
    39 | D        | Found a blossoming altar of Fedhas.
    39 | D        | Found a white marble altar of Elyvilon.
    39 | D        | Found a shadowy altar of Dithmenos.
    39 | D        | Found a snail-covered altar of Cheibriados.
    42 | D        | Found a corrupted altar of Lugonu.
    42 | D        | Found a radiant altar of Vehumet.
    43 | D        | Found an ancient bone altar of Kikubaaqudgha.
    43 | D        | Found a hide-covered altar of Uskayaw.
    43 | D        | Found a broken altar of Ashenzari.
    60 | D        | Became a worshipper of the Wu Jian Council
    72 | D        | Noticed a floating eye
    72 | D        | Noticed a floating eye
    75 | D        | Paralysed by a floating eye for 4 turns
    82 | D        | Paralysed by a floating eye for 3 turns
    91 | D        | Paralysed by a floating eye for 3 turns
    94 | D        | Killed a floating eye
    95 | D        | Reached skill level 10 in Stealth
    95 | D        | Reached skill level 5 in Spellcasting
    95 | D        | Reached XP level 2. HP: 13/13 MP: 5/9
    95 | D        | Reached XP level 3. HP: 16/16 MP: 6/11
    95 | D        | Reached XP level 4. HP: 21/21 MP: 6/12
   101 | D        | Killed a floating eye
   102 | D        | Reached skill level 13 in Stealth
   102 | D        | Reached XP level 5. HP: 24/24 MP: 6/15
   268 | D        | Learned a level 3 spell: Confusing Touch
   271 | D        | Learned a level 2 spell: Ensorcelled Hibernation
   275 | D        | Learned a level 3 spell: Dazzling Flash
   279 | D        | Learned a level 3 spell: Tukima's Dance
   282 | D        | Reached * piety under Wu Jian
   324 | D        | Reached ** piety under Wu Jian
   325 | D        | Reached skill level 1 in Fighting
   325 | D        | Reached XP level 6. HP: 30/30 MP: 14/17
   385 | D        | Reached *** piety under Wu Jian
   971 | D        | Noticed a fire bat
   971 | D        | Noticed a floating eye
   975 | D        | Noticed an ice beast
   977 | D        | Killed a floating eye
   978 | D        | Reached skill level 5 in Dodging
   978 | D        | Reached skill level 14 in Stealth
   979 | D        | Killed an ice beast
   982 | D        | Reached skill level 5 in Short Blades
   982 | D        | Reached XP level 7. HP: 35/35 MP: 17/19
   986 | D        | Reached **** piety under Wu Jian
  1035 | D        | Killed a fire bat
  1036 | D        | Reached skill level 15 in Stealth
  1036 | D        | Reached skill level 10 in Hexes
  1400 | D        | Noticed a shadow wraith
  1401 | D        | Killed a shadow wraith
  1402 | D        | Reached skill level 16 in Stealth
  1402 | D        | Reached XP level 8. HP: 42/42 MP: 22/22
  1404 | D        | Reached ***** piety under Wu Jian
  1416 | D        | Noticed a lindwurm
  1417 | D        | Noticed a deep elf zephyrmancer
  1420 | D        | Killed a deep elf zephyrmancer
  1421 | D        | Reached skill level 10 in Dodging
  1421 | D        | Reached skill level 17 in Stealth
  1421 | D        | Reached XP level 9. HP: 46/46 MP: 23/23
  1422 | D        | Killed a lindwurm
  1423 | D        | Reached skill level 10 in Spellcasting
  1512 | D        | Noticed a deep troll
  1516 | D        | Killed a deep troll
  1517 | D        | Reached skill level 5 in Fighting
  1517 | D        | Reached skill level 18 in Stealth
  1523 | D        | Noticed a flayed ghost
  1524 | D        | Noticed a freezing wraith
  1532 | D        | Killed a flayed ghost
  1533 | D        | Reached skill level 10 in Short Blades
  1536 | D        | Killed a freezing wraith
  1536 | D        | Reached ****** piety under Wu Jian
  1537 | D        | Reached XP level 10. HP: 35/51 MP: 22/25
  1730 | D        | Noticed a shadow wraith
  1780 | D        | Slain by a shadow wraith

Illustrated notes

Levels and vault maps discovered:
D:        pitsprint [storerooms_1, entrance_room_1, metal_vault_6, armoury_1,
          mini_pit_1, grid_room_1, main_hall_1, silver_pit, the_coven_2,
          the_vestibule_1, steel_vault_1, golden_pit, hallway_of_sentries,
          crystal_vault_5, iron_vault_2, final_vault]

Skill      XL: |  1  2  3  4  5  6  7  8  9 |
---------------+----------------------------+-----
Stealth        | 10 13 14 16 17 18 | 18.9
Spellcasting   | 5 7 8 9 10 | 10.8
Hexes          | 6 7 8 9 11 12 13 | 13.5
Short Blades   | 2 5 7 8 10 | 10.4
Dodging        | 3 6 9 10 12 | 12.6
Fighting       | 1 2 3 4 5 |  5.4

Action                   |  1- 3 |  4- 6 |  7- 9 | 10-12 || total
-------------------------+-------+-------+-------+-------++-------
Melee: Dagger            |    12 |    14 |    23 |    40 ||    89
       Punch             |     1 |       |       |     3 ||     4
 Cast: Ensorcelled Hiber |       |    10 |     6 |       ||    16
       Confusing Touch   |       |     1 |     1 |     1 ||     3
Invok: Lunge             |       |     5 |    12 |     2 ||    19
       Whirlwind         |       |       |     2 |     1 ||     3
       Heavenly Storm    |       |       |       |     1 ||     1
  Use: Potion            |       |       |       |     2 ||     2
 Stab: Sleeping          |     1 |    11 |    14 |     1 ||    27
       Confused          |       |     1 |     2 |       ||     3
Dodge: Dodged            |       |    10 |     7 |    21 ||    38
